[Event "Team 45 45 League T92"]
[Site "Internet Chess Club"]
[Date "2022.05.14"]
[Round "5"]
[White "trogers41"]
[Black "ChessG2011"]
[Result "1/2-1/2"]
[WhiteElo "1344"]
[BlackElo "1438"]
[Opening "Ruy Lopez: 5.O-O"]
[ECO "C78"]
[Time "15:00:48"]
[PlyCount "111"]
[TimeControl "2700+45"]

1. e4 e5 2. Nf3 Nc6 3. Bb5 a6 4. Ba4 Nf6 5. O-O b5 6. Bb3 Bc5 7. c3 d6 8. Re1
O-O 9. d4 Bb6 10. h3 Bd7 11. Bg5 h6 12. Bh4 Qe7 13. d5 Na7 14. Nbd2 c6 15. dxc6
Nxc6 16. Nf1 Be6 17. Ne3 Bxe3 18. Rxe3 Bxb3 19. axb3 Qe6 20. Bxf6 Qxf6 21. Rd3
Rfd8 22. Qc2 Qg6 23. Rd5 Ne7 24. Rd2 Nc6 25. Nh4 Qe6 26. Nf5 Ne7 27. Ne3 g6 28.
Rad1 Ra7 29. Nd5 Nxd5 30. Rxd5 Rad7 31. Qd2 Kg7 32. Qe3 Rb7 33. Qd2 Rbd7 34. c4
bxc4 35. bxc4 g5 36. g4 Qg6 37. f3 Qf6 38. Kg2 Qe6 39. Qb4 Rc8 40. b3 Rc5 41.
Qb6 Rxd5 42. Rxd5 Qf6 43. c5 Qd8 44. Qxd8 Rxd8 45. c6 Kf6 46. c7 Rc8 47. Rxd6+
Ke7 48. Rxa6 Rxc7 49. Rxh6 Rb7 50. h4 gxh4 51. Rxh4 Rxb3 52. Rh5 Ke6 53. Rh6+
Ke7 54. Rh5 Ke6 55. Rh6+ Ke7 56. Rh5 {Game drawn by repetition} 1/2-1/2

[Event "Team 45 45 League T92"]
[Site "Internet Chess Club"]
[Date "2022.05.14"]
[Round "5"]
[White "smsxman"]
[Black "CMAlge"]
[Result "0-1"]
[WhiteElo "1328"]
[BlackElo "1235"]
[Opening "Caro-Kann defense"]
[ECO "B11"]
[Time "12:00:32"]
[PlyCount "74"]
[TimeControl "2700+45"]

1. e4 c6 2. Nc3 d5 3. exd5 cxd5 4. d4 Nc6 5. Nf3 Nf6 6. Bg5 Qb6 7. Bb5 Ne4 8.
Bxc6+ bxc6 9. Rb1 Nxg5 10. Nxg5 h6 11. Nf3 Bg4 12. Na4 Qa5+ 13. Nc3 e6 14. a3
Bxa3 15. Ra1 Bxb2 16. Rxa5 Bxc3+ 17. Kf1 Bxa5 18. Qd3 Rb8 19. c3 Bf5 20. Qd2 O-O
21. Ke2 Rb3 22. Qa2 Rb5 23. Rc1 Rfb8 24. Nd2 Bd8 25. h3 h5 26. Qxa7 Bg5 27. Qd7
Rb2 28. Rd1 Rc2 29. Qc7 Rbb2 30. Qxc6 Bxd2 31. Qe8+ Kh7 32. Qxf7 Bg5+ 33. Kf1
Rxf2+ 34. Kg1 Rxg2+ 35. Kh1 Rh2+ 36. Kg1 Be3+ 37. Kf1 Rh1# {White checkmated}
0-1

[Event "Team 45 45 League T92"]
[Site "Internet Chess Club"]
[Date "2022.05.13"]
[Round "5"]
[White "burlap"]
[Black "Kingofknights"]
[Result "1-0"]
[WhiteElo "1434"]
[BlackElo "1438"]
[Opening "Queen's pawn, Mason variation"]
[ECO "D00"]
[Time "15:32:48"]
[PlyCount "57"]
[TimeControl "2700+45"]

1. d4 d5 2. Bf4 Nf6 3. Nd2 Bf5 4. e3 e6 5. Ngf3 h6 6. Bd3 Bxd3 7. cxd3 c6 8. Ne5
Nbd7 9. Ndf3 Bb4+ 10. Ke2 Nh5 11. Bg3 Nxg3+ 12. hxg3 Nxe5 13. dxe5 Qe7 14. d4
Ba5 15. Qa4 Bb6 16. Rhc1 O-O 17. Qa3 Qxa3 18. bxa3 Rfc8 19. Rab1 Rc7 20. Ne1 c5
21. Rb5 c4 22. a4 Rc6 23. a5 a6 24. Rxb6 Rxb6 25. axb6 a5 26. Nc2 Ra6 27. Rb1
Kf8 28. Na3 Ke8 29. Nb5 {Black resigns} 1-0

[Event "Team 45 45 League T92"]
[Site "Internet Chess Club"]
[Date "2022.05.15"]
[Round "5"]
[White "Signofthetimes"]
[Black "AlWynJones"]
[Result "0-1"]
[WhiteElo "1466"]
[BlackElo "1409"]
[Opening "Sicilian: Sozin, Leonhardt variation"]
[ECO "B88"]
[Time "11:00:25"]
[PlyCount "78"]
[TimeControl "2700+45"]

1. e4 c5 2. Nf3 d6 3. Bc4 e6 4. Nc3 Nc6 5. d4 cxd4 6. Nxd4 Nf6 7. Bg5 Be7 8. f3
Nxe4 9. Bxe7 Nxc3 10. Bxd8 Nxd1 11. Nxc6 Nxb2 12. Bb5 Bd7 13. Nxa7 Kxd8 14. Bxd7
Kxd7 15. Nb5 Ra5 16. Nd4 Rha8 17. O-O Rxa2 18. Rab1 Kc7 19. c3 Nd3 20. Rfd1 Nf2
21. Nb5+ Kd8 22. Rxd6+ Ke7 23. Rb6 Nd3 24. Rxb7+ Kf6 25. Nd6 R8a7 26. Ne4+ Kg6
27. R7b5 f5 28. Ng3 Rc2 29. Rb6 Raa2 30. Rxe6+ Kf7 31. Re2 Rxe2 32. Nxe2 Rxe2
33. Kf1 Rc2 34. Rb3 Nf4 35. g3 Nd5 36. Rb5 Nxc3 37. Rxf5+ Ke6 38. Rc5 Rc1+ 39.
Kf2 Nd1+ {White resigns} 0-1

[Event "Team 45 45 League T92"]
[Site "Internet Chess Club"]
[Date "2022.05.14"]
[Round "5"]
[White "Fulmar"]
[Black "tightfist"]
[Result "0-1"]
[WhiteElo "1228"]
[BlackElo "1429"]
[Opening "Queen's pawn game"]
[ECO "D04"]
[Time "18:44:09"]
[PlyCount "57"]
[TimeControl "2700+45"]

1. d4 d5 2. Nf3 Nf6 3. e3 Bg4 4. c4 e6 5. a3 c5 6. b3 Nc6 7. Be2 cxd4 8. exd4
Be7 9. Bb2 O-O 10. O-O Qb6 11. c5 Qc7 12. Re1 Rfe8 13. h3 Bxf3 14. Bxf3 b6 15.
b4 bxc5 16. bxc5 Rab8 17. Qd3 Rxb2 18. Nc3 Reb8 19. Na4 R2b3 20. Qc2 Nxd4 21.
Qd1 Nxf3+ 22. gxf3 Qf4 23. c6 Qxa4 24. c7 Rc8 25. Rc1 Bd6 26. Rb1 Bxc7 27. Qc2
Bh2+ 28. Kxh2 Rxc2 29. Rxb3 {White resigns} 0-1

[Event "Team 45 45 League T92"]
[Site "Internet Chess Club"]
[Date "2022.05.15"]
[Round "5"]
[White "fileman"]
[Black "primerpaso"]
[Result "0-1"]
[WhiteElo "1816"]
[BlackElo "1907"]
[Opening "Neo-Grünfeld, 6.O-O c6"]
[ECO "D78"]
[Time "14:08:04"]
[PlyCount "72"]
[TimeControl "2700+45"]

1. d4 Nf6 2. Nf3 d5 3. g3 g6 4. Bg2 Bg7 5. O-O O-O 6. c4 c6 7. b3 Bf5 8. Bb2
Nbd7 9. Nc3 Nb6 10. c5 Nbd7 11. Nh4 Ne4 12. Nxf5 gxf5 13. f3 Nxc3 14. Bxc3 Nxc5
15. dxc5 Bxc3 16. Rc1 Bg7 17. Qd3 e6 18. Rfe1 Qf6 19. Red1 Rad8 20. e3 d4 21. e4
Bh6 22. Rc4 Be3+ 23. Kh1 f4 24. g4 Kh8 25. a4 Rg8 26. a5 a6 27. Rb1 Rg6 28. Rb2
Rdg8 29. Ra2 h5 30. h3 hxg4 31. fxg4 f3 32. Bf1 Qh4 33. Rh2 Qg3 34. Bg2 fxg2+
35. Rxg2 Qe1+ 36. Kh2 Bf4+ {White resigns} 0-1

[Event "Team 45 45 League T92"]
[Site "Internet Chess Club"]
[Date "2022.05.11"]
[Round "5"]
[White "QuieroAprender"]
[Black "MrAbendroth"]
[Result "1-0"]
[WhiteElo "1635"]
[BlackElo "1611"]
[Opening "Queen's pawn: London system"]
[ECO "A45"]
[Time "12:30:59"]
[PlyCount "47"]
[TimeControl "2700+45"]

1. d4 Nf6 2. Bf4 e6 3. Nd2 d5 4. e3 Be7 5. Ngf3 O-O 6. Bd3 b6 7. Ne5 Bb7 8. Ndf3
Nbd7 9. c3 Nxe5 10. Bxe5 Bd6 11. Qc2 h6 12. g4 Bxe5 13. Nxe5 Ne4 14. h4 c5 15.
f3 Nd6 16. O-O-O cxd4 17. exd4 b5 18. Rdg1 Nc4 19. Qe2 Nxe5 20. Qxe5 b4 21. g5
h5 22. g6 f5 23. Qxe6+ Kh8 24. Rg5 {Black resigns} 1-0

[Event "Team 45 45 League T92"]
[Site "Internet Chess Club"]
[Date "2022.05.15"]
[Round "5"]
[White "Redman1"]
[Black "mongmong"]
[Result "1/2-1/2"]
[WhiteElo "1623"]
[BlackElo "1540"]
[Opening "Queen's Indian: Yates variation"]
[ECO "E11"]
[Time "11:00:12"]
[PlyCount "47"]
[TimeControl "2700+45"]

1. d4 e6 2. Nf3 Nf6 3. c4 Bb4+ 4. Bd2 a5 5. g3 b6 6. Bg2 Bb7 7. a3 Bxd2+ 8. Qxd2
O-O 9. O-O d6 10. Nc3 Nbd7 11. Qc2 Qe7 12. Rfe1 Rfd8 13. b4 axb4 14. axb4 Rxa1
15. Rxa1 Ra8 16. Rxa8+ Bxa8 17. Qa2 Qd8 18. Nb5 Ne8 19. Ne1 Bxg2 20. Nxg2 Qb8
21. Qa7 Qxa7 22. Nxa7 c5 23. dxc5 dxc5 24. b5 {Game drawn by mutual agreement}
1/2-1/2

[Event "Team 45 45 League T92"]
[Site "Internet Chess Club"]
[Date "2022.05.14"]
[Round "5"]
[White "jfkingiii"]
[Black "LoseOften"]
[Result "0-1"]
[WhiteElo "1473"]
[BlackElo "1493"]
[Opening "Caro-Kann: classical variation"]
[ECO "B18"]
[Time "14:00:36"]
[PlyCount "126"]
[TimeControl "2700+45"]

1. e4 c6 2. d4 d5 3. Nc3 dxe4 4. Nxe4 Bf5 5. Ng3 Bg6 6. Nf3 Nd7 7. Bd3 Bxd3 8.
Qxd3 Ngf6 9. O-O e6 10. Bg5 Be7 11. Rfe1 O-O 12. Ne4 Nxe4 13. Bxe7 Nxf2 14.
Qxh7+ Kxh7 15. Bxd8 Nd3 16. cxd3 Raxd8 17. Re4 Nf6 18. Rh4+ Kg8 19. Re1 Rd5 20.
Re5 Rfd8 21. g4 g5 22. Rxg5+ Rxg5 23. Nxg5 Rxd4 24. Kf1 Kg7 25. Ke2 Rxg4 26.
Rxg4 Nxg4 27. h4 e5 28. Kf3 f5 29. Ne6+ Kg6 30. Nc5 b6 31. Nd7 Kh5 32. Kg3 f4+
33. Kf3 Kxh4 34. d4 exd4 35. Kxf4 d3 36. Kf3 Kg5 37. Nb8 Ne5+ 38. Ke3 Kf5 39.
Kd2 Ke4 40. b3 Kd4 41. Na6 c5 42. Nc7 Nf3+ 43. Kd1 a5 44. Nb5+ Ke3 45. Nc3 Kd4
46. Nb5+ Kd5 47. Nc3+ Kc6 48. Nb1 b5 49. Nd2 Nxd2 50. Kxd2 c4 51. Kc3 Kc5 52. a3
Kd5 53. Kb2 Kd4 54. bxc4 bxc4 55. Kc1 c3 56. a4 Kc4 57. Kd1 Kb4 58. Ke1 Kxa4 59.
Kd1 Kb3 60. Kc1 a4 61. Kd1 Kb2 62. Ke1 a3 63. Kd1 a2 {White resigns} 0-1

[Event "Team 45 45 League T92"]
[Site "Internet Chess Club"]
[Date "2022.05.15"]
[Round "5"]
[White "bobhill"]
[Black "Goli"]
[Result "1/2-1/2"]
[WhiteElo "1837"]
[BlackElo "1796"]
[Opening "King's Indian: Torre attack"]
[ECO "A48"]
[Time "07:11:28"]
[PlyCount "105"]
[TimeControl "2700+45"]

1. d4 Nf6 2. Nf3 g6 3. Bg5 Bg7 4. Nbd2 O-O 5. e4 d6 6. c3 c5 7. d5 e6 8. dxe6
Bxe6 9. Bd3 Nc6 10. O-O Ne5 11. Bc2 Qb6 12. b3 Nh5 13. Nxe5 Bxe5 14. g4 Nf6 15.
Qf3 Bxg4 16. Qg2 Bh5 17. Nc4 Qd8 18. Nxe5 dxe5 19. f4 Qb6 20. c4 Ng4 21. Rae1 f6
22. h3 Ne3 23. Rxe3 fxg5 24. fxg5 Rxf1+ 25. Kxf1 Rf8+ 26. Kg1 Qa5 27. a4 Rf4 28.
Kh2 Qd8 29. Rd3 Qf8 30. Rd2 Bf3 31. Qg3 Bxe4 32. Bxe4 Rxe4 33. Rf2 Rf4 34. Rxf4
exf4 35. Qf3 Qf5 36. h4 Qc2+ 37. Kh3 Qf5+ 38. Kg2 Qc2+ 39. Kh3 Qf5+ 40. Kg2 Qc2+
41. Kf1 Qb1+ 42. Kf2 Qc2+ 43. Qe2 Qxb3 44. Qe6+ Kf8 45. Qf6+ Kg8 46. Qxf4 Qc2+
47. Kg3 Qd3+ 48. Kg4 Qe2+ 49. Kg3 Qd3+ 50. Kg2 Qe2+ 51. Kg3 Qd3+ 52. Kg2 Qe2+
53. Kg3 {Game drawn by repetition} 1/2-1/2

[Event "Team 45 45 League T92"]
[Site "Internet Chess Club"]
[Date "2022.05.16"]
[Round "5"]
[White "Beetlejuice"]
[Black "Egmont"]
[Result "1/2-1/2"]
[WhiteElo "1707"]
[BlackElo "1573"]
[Opening "Caro-Kann: anti-anti-Caro-Kann defense"]
[ECO "A11"]
[Time "12:00:17"]
[PlyCount "49"]
[TimeControl "2700+45"]

1. c4 c6 2. e4 d5 3. cxd5 cxd5 4. exd5 Nf6 5. Nc3 Nxd5 6. Bc4 Nf6 7. Nf3 e6 8.
O-O Bd6 9. d4 Nbd7 10. Qe2 O-O 11. Bg5 Qa5 12. Bb3 a6 13. Rad1 b5 14. Ne4 Be7
15. Bc2 Bb7 16. a3 Rac8 17. Bb1 Rfe8 18. Bf4 Nxe4 19. Bxe4 Bxe4 20. Qxe4 Nf6 21.
Qe2 Red8 22. Rc1 Qb6 23. Rc2 Qb7 24. Rfc1 Rxc2 25. Qxc2 {Game drawn by mutual
agreement} 1/2-1/2

[Event "Team 45 45 League T92"]
[Site "Internet Chess Club"]
[Date "2022.05.16"]
[Round "5"]
[White "scostanzo212"]
[Black "Rookmaster"]
[Result "0-1"]
[WhiteElo "1565"]
[BlackElo "1516"]
[Opening "QGD: Chigorin defense, Janowski variation"]
[ECO "D07"]
[Time "20:00:35"]
[PlyCount "130"]
[TimeControl "2700+45"]

1. d4 d5 2. c4 Nc6 3. Nc3 dxc4 4. Nf3 Nf6 5. e3 Bg4 6. Bxc4 e6 7. O-O Bb4 8. a3
Bxc3 9. bxc3 O-O 10. Be2 Ne4 11. Qc2 Bf5 12. Bd3 Ng5 13. Nxg5 Bxd3 14. Qxd3 Qxg5
15. e4 Qh5 16. Be3 Rfd8 17. f4 f6 18. Qc4 Qf7 19. Rab1 Na5 20. Qa2 b6 21. a4
Rac8 22. Rfd1 Nb7 23. Rd2 c5 24. Rbd1 cxd4 25. cxd4 Nd6 26. e5 Nc4 27. Rd3 Nxe3
28. Rxe3 f5 29. Red3 Rd5 30. Qb3 Rcd8 31. Qc4 Qd7 32. Kf2 Ra5 33. Ke3 Rxa4 34.
Qb3 Ra5 35. g3 Qd5 36. Qxd5 Raxd5 37. Rc1 R8d7 38. Rc6 Kf7 39. Rd2 Ke7 40. Rd3
Rb5 41. Rd2 Rb3+ 42. Ke2 a5 43. Kf2 a4 44. Ke2 a3 45. Kf2 b5 46. Ke2 b4 47. Rc4
Rb7 48. Rcc2 Rc3 49. Kd1 Rxc2 50. Kxc2 b3+ 51. Kb1 Rc7 52. Rd3 a2+ 53. Kb2 Rc2+
54. Kxb3 a1=Q 55. Kxc2 Qa2+ 56. Kc3 Qxh2 57. Kc4 h5 58. d5 exd5+ 59. Kxd5 h4 60.
gxh4 Qxh4 61. Rd4 Qh1+ 62. Kc5 Qc1+ 63. Rc4 Qe3+ 64. Kd5 Qd3+ 65. Rd4 Qb5#
{White checkmated} 0-1

[Event "Team 45 45 League T92"]
[Site "Internet Chess Club"]
[Date "2022.05.15"]
[Round "5"]
[White "oldsj"]
[Black "Gojira"]
[Result "0-1"]
[WhiteElo "1440"]
[BlackElo "1550"]
[Opening "Sicilian: accelerated fianchetto, modern variation"]
[ECO "B34"]
[Time "14:02:41"]
[PlyCount "40"]
[TimeControl "2700+45"]

1. e4 c5 2. Nf3 g6 3. d4 cxd4 4. Nxd4 Nc6 5. Nc3 Bg7 6. Be3 Nf6 7. Qd2 O-O 8.
O-O-O Ng4 9. Nf3 Nxe3 10. Qxe3 Qa5 11. Rd5 Qb6 12. Qd2 a6 13. Bc4 d6 14. Na4 Qc7
15. a3 Be6 16. Qf4 b5 17. Nc5 bxc4 18. Rd2 Qb6 19. Na4 Qa5 20. Ng5 Bh6 {White
resigns} 0-1

[Event "Team 45 45 League T92"]
[Site "Internet Chess Club"]
[Date "2022.05.14"]
[Round "5"]
[White "seldredg"]
[Black "BrerRabbit"]
[Result "1/2-1/2"]
[WhiteElo "1271"]
[BlackElo "1385"]
[Opening "Queen's pawn, Mason variation"]
[ECO "D00"]
[Time "21:01:05"]
[PlyCount "86"]
[TimeControl "2700+45"]

1. d4 d5 2. Bf4 c6 3. c3 Qb6 4. Qb3 Bf5 5. e3 Nf6 6. Nf3 e6 7. Nbd2 Be7 8. a3
Qxb3 9. Nxb3 b6 10. c4 h6 11. c5 Bc2 12. Nbd2 bxc5 13. Be5 c4 14. Rc1 Ba4 15.
Be2 Nbd7 16. Nb1 O-O 17. Nc3 Bb5 18. a4 Ba6 19. O-O Nxe5 20. Nxe5 Bb7 21. h3
Rab8 22. Rb1 Ba8 23. Bd1 Bb4 24. Na2 Bd6 25. b3 Rb6 26. a5 Rb5 27. b4 Rfb8 28.
Ba4 Bxe5 29. Bxb5 Bxd4 30. exd4 cxb5 31. f4 a6 32. Nc3 Bc6 33. Rf3 Ne4 34. Re1
f5 35. h4 Be8 36. Rfe3 Bh5 37. Kf1 Bg4 38. Kg1 Kf7 39. g3 Rf8 40. Kg2 Kg8 41.
Ra1 Rb8 42. Rae1 Rf8 43. Ra1 Rb8 {Game drawn by mutual agreement} 1/2-1/2

[Event "Team 45 45 League T92"]
[Site "Internet Chess Club"]
[Date "2022.05.15"]
[Round "5"]
[White "jcule"]
[Black "Fulmar"]
[Result "0-1"]
[WhiteElo "1400"]
[BlackElo "1252"]
[Opening "Queen's pawn game"]
[ECO "D02"]
[Time "16:01:35"]
[PlyCount "117"]
[TimeControl "2700+45"]

1. d4 d5 2. Nf3 Bg4 3. Bg5 f6 4. Bf4 Nc6 5. h3 Bh5 6. Qd3 a6 7. Nbd2 Nb4 8. Qb3
e6 9. a3 Nc6 10. Qxb7 Kd7 11. e3 Na5 12. Bxc7 Nxb7 13. Bxd8 Nxd8 14. Bd3 Bd6 15.
O-O Bg6 16. Bxg6 hxg6 17. Rfb1 Rc8 18. Rc1 Nf7 19. e4 dxe4 20. Nxe4 Ne7 21. c4
e5 22. c5 Bb8 23. b4 exd4 24. Rd1 Kc6 25. Rxd4 Rhd8 26. Rad1 Rxd4 27. Nxd4+ Kc7
28. Ne6+ Kc6 29. Nxg7 f5 30. Nd6 Nxd6 31. cxd6 Bxd6 32. Ne6 Bb8 33. Rc1+ Kd7 34.
Nc5+ Ke8 35. Re1 Rc6 36. a4 Bd6 37. Rc1 a5 38. Rd1 Bxc5 39. bxc5 Rxc5 40. g4
fxg4 41. Rd4 gxh3 42. Kh2 Rc2 43. Kxh3 Rxf2 44. Re4 Ra2 45. Kg4 Kd7 46. Kg5 Kd6
47. Kf6 Nd5+ 48. Kxg6 Nc3 49. Rf4 Rxa4 50. Rf6+ Kc5 51. Rf5+ Kc4 52. Rf4+ Kb3
53. Rf3 Rg4+ 54. Kf5 Rg1 55. Ke5 a4 56. Kd4 Rc1 57. Ke3 a3 58. Kd2 a2 59. Kxc1
{White resigns} 0-1

[Event "Team 45 45 League T92"]
[Site "Internet Chess Club"]
[Date "2022.05.16"]
[Round "5"]
[White "CMAlge"]
[Black "stantheman59"]
[Result "1/2-1/2"]
[WhiteElo "1230"]
[BlackElo "1133"]
[Opening "Queen's pawn: Chigorin variation"]
[ECO "D00"]
[Time "17:33:17"]
[PlyCount "66"]
[TimeControl "2700+45"]

1. d4 d5 2. Nc3 Nf6 3. Bf4 Bd7 4. e3 e6 5. Nf3 Ne4 6. Nxe4 dxe4 7. Ne5 Qe7 8.
Nxd7 Qxd7 9. c3 Be7 10. Qg4 g6 11. Bh6 f5 12. Qe2 a6 13. Bg7 Rg8 14. Be5 Bd6 15.
O-O-O Nc6 16. f4 O-O-O 17. Qc2 g5 18. fxg5 Qf7 19. h4 Bxe5 20. dxe5 Rxd1+ 21.
Qxd1 Rd8 22. Qc2 Nxe5 23. Be2 Rd6 24. Rd1 Rxd1+ 25. Qxd1 Qd7 26. Qd4 Nc6 27.
Qh8+ Nd8 28. g3 Qd6 29. Qxh7 Qxg3 30. Kd2 Qd6+ 31. Kc2 Qh2 32. Kd2 Qd6+ 33. Kc2
Qh2 {Game drawn by mutual agreement} 1/2-1/2

[Event "Team 45 45 League T92"]
[Site "Internet Chess Club"]
[Date "2022.05.16"]
[Round "5"]
[White "smsxman"]
[Black "WillC"]
[Result "0-1"]
[WhiteElo "1343"]
[BlackElo "1568"]
[Opening "Queen's pawn game"]
[ECO "D04"]
[Time "20:30:15"]
[PlyCount "72"]
[TimeControl "2700+45"]

1. d4 d5 2. Nf3 Nf6 3. e3 b6 4. Be2 Bb7 5. c4 e6 6. a3 Nbd7 7. Qa4 Bd6 8. O-O
O-O 9. Nc3 a6 10. Qd1 Rc8 11. b4 c5 12. b5 dxc4 13. Bxc4 cxd4 14. Qxd4 Qc7 15.
Bb2 e5 16. Bxf7+ Rxf7 17. Qd1 e4 18. Ng5 Re7 19. Rc1 Nc5 20. a4 Bxh2+ 21. Kh1 h6
22. Nh3 Be5 23. bxa6 Bxa6 24. Nd5 Nxd5 25. Qxd5+ Kh8 26. Bxe5 Rxe5 27. Qd4 Bxf1
28. Rxf1 Nd3 29. f4 Re7 30. f5 Rd8 31. Qa1 Qe5 32. g4 Qg3 33. f6 Qxh3+ 34. Kg1
Qxg4+ 35. Kh2 Qh4+ 36. Kg2 Rf7 {White resigns} 0-1

[Event "Team 45 45 League T92"]
[Site "Internet Chess Club"]
[Date "2022.05.13"]
[Round "5"]
[White "Visin"]
[Black "g8wrb"]
[Result "0-1"]
[WhiteElo "1194"]
[BlackElo "1308"]
[Opening "French: exchange variation"]
[ECO "C01"]
[Time "15:02:05"]
[PlyCount "60"]
[TimeControl "2700+45"]

1. e4 e6 2. d4 d5 3. exd5 exd5 4. Bd2 Nf6 5. Nc3 Bd6 6. h3 O-O 7. Nf3 Re8+ 8.
Be2 c6 9. Bg5 Bf5 10. O-O Nbd7 11. a3 Qc7 12. Nh4 Be6 13. Na2 Ne4 14. Be3 Re7
15. Bg4 Qb6 16. b4 Rae8 17. Nf5 Bxf5 18. Bxf5 Qc7 19. Bxe4 Rxe4 20. Qd2 Nb6 21.
Nc3 Nc4 22. Qd1 Nxe3 23. fxe3 Rxe3 24. Na4 Qe7 25. Qg4 Re4 26. Qd1 Qh4 27. Nc3
Rxd4 28. Qb1 Qg3 29. Re1 Qh2+ 30. Kf1 Rf4# {White checkmated} 0-1

[Event "Team 45 45 League T92"]
[Site "Internet Chess Club"]
[Date "2022.05.14"]
[Round "5"]
[White "SeniorCitizen"]
[Black "Pawnchain"]
[Result "0-1"]
[WhiteElo "1259"]
[BlackElo "1379"]
[Opening "French: advance, Euwe variation"]
[ECO "C02"]
[Time "14:00:39"]
[PlyCount "42"]
[TimeControl "2700+45"]

1. e4 e6 2. d4 d5 3. e5 c5 4. c3 Nc6 5. Nf3 Bd7 6. Be2 Nge7 7. O-O cxd4 8. cxd4
Nf5 9. Bb5 Nxe5 10. Bxd7+ Nxd7 11. Ne5 Bd6 12. Nf3 O-O 13. Nbd2 Qb6 14. Nb3 a5
15. a4 Rac8 16. Re1 Qc7 17. Re2 Nf6 18. Ne5 Bxe5 19. dxe5 Ne4 20. f3 Qb6+ 21.
Kh1 Nf2+ {White resigns} 0-1

[Event "Team 45 45 League T92"]
[Site "Internet Chess Club"]
[Date "2022.05.16"]
[Round "5"]
[White "PsyMar"]
[Black "grekor"]
[Result "1-0"]
[WhiteElo "1276"]
[BlackElo "1144"]
[Opening "Sicilian: Alapin's variation (2.c3)"]
[ECO "B22"]
[Time "17:19:49"]
[PlyCount "37"]
[TimeControl "2700+45"]

1. e4 c5 2. c3 Nc6 3. Nf3 g6 4. d4 cxd4 5. cxd4 Bg7 6. Nc3 e6 7. d5 Nce7 8. d6
Nc6 9. Nb5 Qb6 10. Nc7+ Kd8 11. Bb5 Rb8 12. O-O a6 13. Be3 Qa5 14. Bxc6 bxc6 15.
Bg5+ f6 16. Bd2 Qh5 17. Rb1 g5 18. Ba5 g4 19. Nxe6+ {Black resigns} 1-0

[Event "Team 45 45 League T92"]
[Site "Internet Chess Club"]
[Date "2022.05.15"]
[Round "5"]
[White "jonesey"]
[Black "QuieroAprender"]
[Result "1-0"]
[WhiteElo "1868"]
[BlackElo "1628"]
[Opening "Sicilian defense"]
[ECO "B20"]
[Time "20:00:18"]
[PlyCount "79"]
[TimeControl "2700+45"]

1. e4 c5 2. c4 Nc6 3. Nc3 e6 4. g3 g6 5. Bg2 Bg7 6. Nge2 Nge7 7. d3 Nd4 8. Rb1
Nec6 9. a3 Nxe2 10. Nxe2 Nd4 11. b4 Nxe2 12. Qxe2 cxb4 13. axb4 Qe7 14. O-O Rb8
15. Bb2 Bxb2 16. Qxb2 O-O 17. Ra1 a6 18. b5 axb5 19. Qxb5 d6 20. Ra7 e5 21. Rb1
Re8 22. Qa5 Qd8 23. Rb6 Qc7 24. Qb4 Rd8 25. h4 h5 26. Kh2 Kg7 27. Ra5 Be6 28. c5
dxc5 29. Rxc5 Qe7 30. Qc3 Qf6 31. Kg1 Rd4 32. Bh3 Qd8 33. Bxe6 Qxb6 34. Bb3 Qd6
35. Bd5 Qa6 36. Rc7 Qxd3 37. Rxf7+ Kg8 38. Qc7 Qd1+ 39. Kh2 Rxd5 40. Rg7+ {Black
resigns} 1-0

[Event "Team 45 45 League T92"]
[Site "Internet Chess Club"]
[Date "2022.05.12"]
[Round "5"]
[White "mongmong"]
[Black "ghowell"]
[Result "0-1"]
[WhiteElo "1536"]
[BlackElo "1582"]
[Opening "Queen's pawn game"]
[ECO "D04"]
[Time "17:34:43"]
[PlyCount "50"]
[TimeControl "2700+45"]

1. d4 d5 2. Nf3 Nf6 3. e3 Bg4 4. c4 e6 5. Be2 c5 6. Nc3 Nc6 7. cxd5 Nxd5 8. Nxd5
Qxd5 9. O-O Bd6 10. dxc5 Qxc5 11. Bd2 Bxf3 12. Bxf3 Qe5 13. g3 Qxb2 14. Bxc6+
bxc6 15. Qf3 Qxd2 16. Qxc6+ Ke7 17. Rfd1 Qb4 18. Rab1 Rhc8 19. Qf3 Qc5 20. Rb7+
Bc7 21. Qg4 Qc6 22. Qb4+ Ke8 23. Rb1 Rab8 24. Rxc7 Qxc7 25. Qa4+ Qd7 {White
resigns} 0-1

[Event "Team 45 45 League T92"]
[Site "Internet Chess Club"]
[Date "2022.05.15"]
[Round "5"]
[White "natalieH"]
[Black "julesraider"]
[Result "0-1"]
[WhiteElo "1098"]
[BlackElo "1587"]
[Opening "Bird's opening"]
[ECO "A03"]
[Time "14:59:03"]
[PlyCount "76"]
[TimeControl "2700+45"]

1. f4 d5 2. Nf3 g6 3. d4 Bg7 4. e3 Nf6 5. Be2 O-O 6. O-O b6 7. Nbd2 Nbd7 8. c3
Bb7 9. b3 c5 10. Bb2 Ng4 11. Re1 Nxe3 12. Qc1 Nf5 13. Bd3 Nd6 14. Qd1 e6 15. Qe2
Nf6 16. dxc5 bxc5 17. c4 d4 18. b4 Nh5 19. bxc5 Nxf4 20. Qf1 Nxd3 21. Qxd3 Nf5
22. Nb3 Qc7 23. Nfxd4 Nxd4 24. Bxd4 Rad8 25. Qc3 Bxd4+ 26. Nxd4 Qxc5 27. Rad1 e5
28. Re4 Bxe4 29. Kh1 Rxd4 30. Rc1 Rfd8 31. h3 Rd1+ 32. Rxd1 Rxd1+ 33. Kh2 Qg1+
34. Kg3 Qxg2+ 35. Kh4 Rd3 36. Qxd3 Bxd3 37. c5 h6 38. c6 Qg5# {White checkmated}
0-1

[Event "Team 45 45 League T92"]
[Site "Internet Chess Club"]
[Date "2022.05.17"]
[Round "5"]
[White "Toalla"]
[Black "keithuws"]
[Result "1-0"]
[WhiteElo "1111"]
[BlackElo "1199"]
[Opening "two knights defense: Wilkes Barre (Traxler) variation"]
[ECO "C57"]
[Time "17:00:15"]
[PlyCount "83"]
[TimeControl "2700+45"]

1. e4 e5 2. Nf3 Nc6 3. Bc4 Nf6 4. Ng5 Bc5 5. d3 O-O 6. O-O d5 7. exd5 Nxd5 8.
Qf3 Nce7 9. Bb3 Nf5 10. Qxd5 h6 11. Qxd8 Rxd8 12. Nxf7 Rf8 13. Nxe5+ Kh7 14. c3
Re8 15. Re1 a5 16. a3 Ra6 17. Bc2 g6 18. d4 Rae6 19. Bf4 Nxd4 20. Bxg6+ Rxg6 21.
cxd4 Bh3 22. g3 Bxd4 23. Nc3 Rb6 24. Nc4 Rbe6 25. Be3 Bxc3 26. bxc3 a4 27. Bd2
b5 28. Rxe6 Rxe6 29. Ne3 Rd6 30. Rd1 c5 31. Bc1 Rxd1+ 32. Nxd1 Kg6 33. f4 Bd7
34. Kf2 Kf5 35. Ke3 Ke6 36. Kd3 Kd5 37. Ne3+ Ke6 38. f5+ Kf6 39. g4 Bc6 40. h3
Kg5 41. Ng2+ Kf6 42. Nf4 {Black resigns} 1-0

[Event "Team 45 45 League T92"]
[Site "Internet Chess Club"]
[Date "2022.05.15"]
[Round "5"]
[White "manfredo"]
[Black "Portola"]
[Result "0-1"]
[WhiteElo "1536"]
[BlackElo "1700"]
[Opening "French: advance, Nimzovich system"]
[ECO "C02"]
[Time "13:01:08"]
[PlyCount "46"]
[TimeControl "2700+45"]

1. e4 e6 2. d4 d5 3. e5 c5 4. Nf3 Nc6 5. Bd3 Bd7 6. O-O cxd4 7. Bf4 Qb6 8. Nbd2
Nb4 9. Nb3 Nxd3 10. Qxd3 Bb5 11. Qxd4 Qxd4 12. Nfxd4 Bxf1 13. Kxf1 a6 14. Na5
O-O-O 15. a3 Rd7 16. Be3 Rc7 17. c3 Ne7 18. Ndb3 Nc6 19. Nxc6 Rxc6 20. Na5 Rc7
21. Bb6 Rd7 22. Rd1 Be7 23. f4 Bd8 {White resigns} 0-1

[Event "Team 45 45 League T92"]
[Site "Internet Chess Club"]
[Date "2022.05.15"]
[Round "5"]
[White "g8wrb"]
[Black "dalmata"]
[Result "0-1"]
[WhiteElo "1302"]
[BlackElo "1564"]
[Opening "French: Tarrasch, open variation"]
[ECO "C07"]
[Time "12:13:57"]
[PlyCount "82"]
[TimeControl "2700+45"]

1. e4 e6 2. d4 d5 3. Nd2 c5 4. Ngf3 Nf6 5. e5 Nfd7 6. c3 cxd4 7. cxd4 Bb4 8. Bd3
O-O 9. O-O Nc6 10. Nb3 f6 11. exf6 Nxf6 12. Bg5 Be7 13. Qc2 Nb4 14. Qd2 Nxd3 15.
Qxd3 Ne4 16. Bxe7 Qxe7 17. Rac1 b6 18. Rc2 Ng5 19. Ne5 a5 20. Rfc1 Ba6 21. Qd2
Ne4 22. Qe3 a4 23. Na1 Qe8 24. f3 Nd6 25. Rc6 Nc4 26. Nxc4 Qxc6 27. Ne5 Qb5 28.
b3 Rfc8 29. bxa4 Qb2 30. Nb3 Qxa2 31. Nc6 Rc7 32. Qxe6+ Kh8 33. Qxd5 Bb7 34. Qd6
Rac8 35. Re1 Rxc6 36. Qe7 h6 37. Qxb7 Qxb3 38. h3 Qxa4 39. Re7 Qxd4+ 40. Kh2
Qf4+ 41. Kg1 Rc1+ {White resigns} 0-1